 Dungeon Crawl Stone Soup version 0.29.1-12-g30fa7ad0bf (webtiles) character file.

Game seed: 16497244238313195856

1467 mopl the Magician (level 8, 0/46 HPs)
             Began as an Octopode Hedge Wizard on Dec 31, 2022.
             Was an Initiate of Vehumet.
             Slain by a gnoll sergeant
             ... wielding a +0 trident
              (10 damage)
             ... on level 6 of the Dungeon on Jan 1, 2023.
             The game lasted 00:11:27 (7376 turns).

mopl the Magician (Octopode Hedge Wizard)           Turns: 7376, Time: 00:11:27

Health: 0/46       AC:  3    Str:  9    XL:     8   Next: 77%
Magic:  10/18      EV: 13    Int: 18    God:    Vehumet [......]
Gold:   156        SH:  0    Dex: 12    Spells: 11/20 levels left

rFire   . . .      SeeInvis .   a - +1 dagger (protect)
rCold   + . .      Faith    .   (no shield)
rNeg    . . .      Spirit   .   w - +2 hat
rPois   .          Reflect  .   (no amulet)
rElec   .          Harm     .   f - ring of protection from cold
rCorr   .          Rampage  .   (no ring)
Will    .....                   (no ring)
Stlth   +++.......              (no ring)
HPRegen 0.15/turn               (no ring)
MPRegen 0.16/turn               (no ring)
                                (no ring)
                                (no ring)

@: no status effects
A: almost no armour, amphibious, 8 rings, camouflage 1, gelatinous body 1,
(nimble swimmer 1), tentacles
a: Renounce Religion


You were on level 6 of the Dungeon.
You worshipped Vehumet.
Vehumet was noncommittal.
You visited 1 branch of the dungeon, and saw 6 of its levels.

You collected 247 gold pieces.
You spent 91 gold pieces at shops.

Inventory:

Hand Weapons
 a - a +1 dagger of protection (weapon)
 b - a +0 dagger of venom
Missiles
 l - 10 poisoned darts
 r - 3 datura-tipped darts
 t - 3 curare-tipped darts
Armour
 w - a +2 hat (worn)
Jewellery
 f - a ring of protection from cold (left tentacle)
 A - an amulet of faith {!P}
Wands
 u - a wand of flame (11)
 y - a wand of paralysis (2)
Scrolls
 g - a scroll of noise {unknown}
 i - 3 scrolls of identify {unknown}
 j - a scroll of teleportation {unknown}
 n - 2 scrolls of butterflies {unknown}
 o - 2 scrolls of enchant weapon {unknown}
 p - a scroll of vulnerability {unknown}
 s - a scroll of fear {unknown}
Potions
 c - 2 potions of magic
 d - 4 potions of brilliance
 e - 4 potions of curing
 h - 2 potions of flight {unknown}
 k - a potion of attraction {unknown}
 m - 2 potions of resistance {unknown}
 q - 3 potions of invisibility
 v - a potion of cancellation {unknown}
 x - a potion of berserk rage {unknown}
 z - a potion of mutation {unknown}


   Skills:
 - Level 2.0 Dodging
 - Level 2.6 Stealth
 + Level 6.9 Spellcasting
 + Level 6.8 Conjurations
 - Level 3.0 Hexes
 - Level 1.0 Summonings
 - Level 3.0 Translocations


You had 11 spell levels left.
You knew the following spells:

 Your Spells              Type           Power      Damage    Failure   Level
a - Magic Dart            Conj           100%       1d8       1%          1
b - Searing Ray           Conj           60%        2d6       1%          2
e - Blink                 Tloc           34%        N/A       4%          2
f - Fulminant Prism       Conj/Hex       11%        3d9       14%         4

Your spell library contained the following spells:

 Spells                   Type           Power      Damage    Failure   Level
 Apportation              Tloc           34%        N/A       3%          1
 Slow                     Hex            68%        N/A       3%          1
 Summon Small Mammal      Summ           36%        N/A       8%          1
 Conjure Flame            Conj/Fire      18%        6-21      9%          3
 Necrotise                Necr           24%        1d5       11%         1
 Call Imp                 Summ           9%         N/A       11%         2
 Mephitic Cloud           Conj/Pois/Air  14%        N/A       13%         3


Dungeon Overview and Level Annotations

Branches:
Dungeon (6/15)
 Temple: D:4-7

Altars:
Vehumet

Shops:
D:2 :   D:4 !

Annotations:
D:4 Edmund


Innate Abilities, Weirdness & Mutations

You cannot wear most types of armour.
You are amphibious.
You can wear up to eight rings at the same time.
Your skin changes colour to match your surroundings (Stealth+).
Your rubbery body absorbs attacks. (AC +1, EV +1)
((You are camouflaged when in or above water. (Stealth+)))
You have tentacles for arms and can constrict up to eight enemies at once.


Message History

The searing ray hits the gnoll sergeant.
The gnoll sergeant is lightly wounded.
The gnoll sergeant hits you from afar with a +0 trident!
The searing ray hits the gnoll sergeant!
The gnoll sergeant is heavily wounded.
The searing ray hits the gnoll!
The gnoll is severely wounded.
The gnoll sergeant hits you from afar with a +0 trident!
The searing ray hits the gnoll sergeant!
The gnoll sergeant is severely wounded.
The searing ray hits the gnoll!
You kill the gnoll!
Vehumet accepts your kill.
You finish channelling your searing ray.
The gnoll sergeant hits you from afar with a +0 trident!
Casting: Searing Ray (safe; 1% risk of failure)
Confirm with . or Enter, or press ? or * to list all spells.
You don't know that spell.
Unknown command.
Casting: Searing Ray (safe; 1% risk of failure)
Confirm with . or Enter, or press ? or * to list all spells.
Aiming: Searing Ray (safe; 1% risk of failure)
Press: ? - help, Shift-Dir - straight line, f/p - gnoll sergeant
Aim: a gnoll sergeant, wielding a +0 trident and wearing a +0 ring mail (severely wounded, 85% to hit)
The searing ray hits the gnoll sergeant.
The gnoll sergeant is severely wounded.
The searing ray hits the gnoll.
The gnoll is heavily wounded. (Press . to maintain the ray.)
The gnoll sergeant closely misses you.
The searing ray hits the gnoll sergeant but does no damage.
The gnoll sergeant is severely wounded.
The searing ray hits the gnoll.
The gnoll is almost dead.
The gnoll sergeant hits you from afar with a +0 trident.
* * * LOW HITPOINT WARNING * * *
The searing ray misses the gnoll sergeant.
The searing ray misses the gnoll.
The gnoll sergeant hits you from afar with a +0 trident!
You die...

.# #.......# # .#
#####.###.....# # .g #.# .....##
# ..gg##### #.. ........ #
......g.# ## ......#. # #.#
......#. # #g## ......#. # #..#
######......#.######## ##.#
#.gg.@......#.........
..#####.###.#########.##..###.##
............#.......#.......#.#
##.............._:..#...###.#.#
#..........#.......#.....#.#.##
#..........#########.....#....#
#........................###...
#.........#.....#.......#...#..
#.........###.#......#.........


You could see a gnoll sergeant and a gnoll.

Vanquished Creatures
  A steam dragon (D:6)
  An orc warrior (D:6)
  2 ice beasts
  An ogre (D:6)
  2 phantoms (D:5)
  A kobold brigand (D:5)
  A necrophage (D:5)
  A bullfrog (D:6)
  2 scorpions (D:5)
  4 hounds
  Crazy Yiuf (D:4)
  2 iguanas (D:5)
  3 orc wizards
  A statue (D:6)
  A gnoll (D:6)
  9 adders
  2 ufetubi
  A worm (D:4)
  2 dart slugs
  18 orcs
  9 endoplasms
  3 giant cockroaches
  9 hobgoblins
  5 quokkas
  3 ball pythons
  7 bats
  3 frilled lizards (D:3)
  8 goblins
  17 kobolds
  4 rats
124 creatures vanquished.

Vanquished Creatures (others)
  2 fungi (D:4)
  4 plants (D:6)
6 creatures vanquished.

Grand Total: 130 creatures vanquished

Notes
Turn   | Place    | Note
-------+----------+-------------------------------------------
     0 | D:1      | mopl the Octopode Hedge Wizard began the quest for the Orb.
     0 | D:1      | Reached XP level 1. HP: 11/11 MP: 4/4
   451 | D:1      | Reached XP level 2. HP: 17/17 MP: 6/6
   606 | D:1      | Found a faded altar of an unknown god.
   903 | D:2      | Learned a level 2 spell: Searing Ray
   914 | D:2      | Reached skill level 2 in Conjurations
  1022 | D:2      | Reached XP level 3. HP: 21/21 MP: 7/7
  1025 | D:2      | Learned a level 2 spell: Blink
  1107 | D:2      | Found Sapre's Book Shop.
  1252 | D:2      | HP: 1/21 [poisoned by an adder]
  1701 | D:3      | Reached XP level 4. HP: 20/27 MP: 4/9
  1779 | D:3      | Learned a level 4 spell: Fulminant Prism
  2266 | D:3      | Reached skill level 2 in Translocations
  3123 | D:4      | Noticed Edmund
  3156 | D:4      | Noticed an ice beast
  3166 | D:4      | Killed an ice beast
  3167 | D:4      | Reached skill level 4 in Spellcasting
  3167 | D:4      | Reached skill level 3 in Conjurations
  3167 | D:4      | Reached XP level 5. HP: 9/31 MP: 0/11
  3859 | D:4      | Reached XP level 6. HP: 34/36 MP: 12/12
  3881 | D:4      | Reached skill level 3 in Translocations
  4007 | D:4      | Found Qyafim's Distillery.
  4010 | D:4      | Bought a potion of curing for 39 gold pieces
  4010 | D:4      | Bought a potion of brilliance for 52 gold pieces
  4146 | D:4      | Reached skill level 4 in Conjurations
  4459 | D:4      | Found a runed translucent door.
  4460 | D:4      | Noticed Crazy Yiuf
  4467 | D:4      | Killed Crazy Yiuf
  4558 | D:5      | Entered Level 5 of the Dungeon
  4624 | D:5      | Reached skill level 1 in Hexes
  4717 | D:5      | Reached skill level 5 in Spellcasting
  4717 | D:5      | Reached XP level 7. HP: 41/41 MP: 11/14
  4905 | D:5      | Reached skill level 2 in Hexes
  5281 | D:5      | Reached skill level 5 in Conjurations
  5316 | D:5      | Reached skill level 3 in Hexes
  5316 | D:5      | Reached XP level 8. HP: 20/46 MP: 7/16
  6151 | D:5      | Reached skill level 6 in Spellcasting
  6311 | D:6      | HP: 2/46 [kobold/+0 dagger (3)]
  6324 | D:6      | Reached skill level 6 in Conjurations
  7196 | D:6      | Found a radiant altar of Vehumet.
  7340 | D:6      | Became a worshipper of Vehumet
  7376 | D:6      | Slain by a gnoll sergeant

Illustrated notes

Levels and vault maps discovered:
D:1:      ncdulo_wetmaze, layout_loops_ring, ebering_ecumenical_altar_petrified
D:2:      layout_rooms, serial_shops, nicolae_shop_stone,
          kennysheep_nondescript, kennysheep_generic_room_9
D:3:      layout_loops_corners, nicolae_hexahallways, wad_floor_pattern_2,
          minmay_misc_feat_ornament
D:4:      layout_loops_corners, serial_shops, kennysheep_mini, uniq_edmund,
          uniq_crazy_yiuf_cottage
D:5:      layout_gridville, nicolae_underground_beach
D:6:      layout_basic, vehumet_statue, grunt_temple_overflow_diamond,
          amethyst_killhole, serial_bayou_pond_a

Skill      XL: |  1  2  3  4  5  6  7  8 |
---------------+-------------------------+-----
Conjurations   | 2 3 4 5 6 |  6.8
Translocations | 2 3 |  3.0
Spellcasting   | 4 5 6 |  6.9
Hexes          | 1 3 |  3.0
Dodging        | |  2.0
Stealth        | |  2.6
Summonings     | |  1.0

Action                   |  1- 3 |  4- 6 |  7- 9 || total
-------------------------+-------+-------+-------++-------
Melee: Dagger            |    67 |    86 |    38 ||   191
       Tentacles         |    13 |    22 |    13 ||    48
       Constrict         |    14 |    20 |     8 ||    42
       Punch             |     3 |     1 |     1 ||     5
Throw: Dart              |       |       |     4 ||     4
 Cast: Magic Dart        |    13 |    49 |    86 ||   148
       Searing Ray       |       |     3 |    13 ||    16
       Blink             |       |       |     5 ||     5
  Use: Potion            |       |       |     3 ||     3
 Stab: Sleeping          |    13 |    15 |     1 ||    29
Armor: Skin              |    10 |    15 |    21 ||    46
Dodge: Dodged            |    47 |    41 |    53 ||   141
